 Dungeon Crawl Stone Soup version 0.32-a0-519-g08f29ac1c3 (webtiles) character file.

Game seed: 10643075854107037346

22 inmateoo the Poker (level 2, 0/22 HPs)
             Began as a Coglin Gladiator on Feb 28, 2024.
             Slain by a gnoll
             ... wielding a +0 spear
              (2 damage)
             ... on level 1 of the Dungeon.
             The game lasted 00:00:32 (334 turns).

inmateoo the Poker (Coglin Gladiator)                Turns: 334, Time: 00:00:33

Health: 0/22       AC:  4    Str: 14    XL:     2   Next: 91%
Magic:  2/2        EV: 12    Int:  7    God:
Gold:   40         SH:  0    Dex: 15    Spells: 1/1 levels left

rFire   . . .        a - +0 trident {Shi}
rCold   . . .        (no shield)
rNeg    . . .        b - +0 leather armour
rPois   .            c - +0 helmet
rElec   .            (no cloak)
rCorr   .            (no gloves)
SInv    .            (no boots)
Will    .....        (no amulet)
Stlth   +            (ring unavailable)
HPRegen 0.23/turn    (ring unavailable)
MPRegen 0.08/turn

%: no passive effects
@: revved
A: off-hand wielding, slow wielding, warmup strikes, no rings
a: no special abilities


You were on level 1 of the Dungeon.
You visited 1 branch of the dungeon, and saw 1 of its levels.

You collected 40 gold pieces.

Inventory:

Hand Weapons
 a - a +0 trident (weapon) {Shi}
Missiles
 d - 3 throwing nets (quivered)
 e - a javelin
Armour
 b - a +0 leather armour (worn)
 c - a +0 helmet (worn)
Scrolls
 f - a scroll of fog {unknown}
 h - a scroll of identify {unknown}
Potions
 g - 2 potions of brilliance {unknown}


   Skills:
 + Level 2.2 Fighting
 * Level 3.1 Polearms
 - Level 1.7 Throwing
 + Level 0.7 Armour
 + Level 2.9 Dodging


You had one spell level left.
You didn't know any spells.
Your spell library was empty.

Dungeon Overview and Level Annotations

Branches:
Dungeon (1/15)

Altars:


Innate Abilities, Weirdness & Mutations

You can wield a second weapon in your off-hand.
It takes a long time for you to wield or remove held weapons.
Your first few attacks do less damage.
Your grasper-arms cannot wear rings.


Message History

You start resting.
HP restored.
Items here: )) †††.
h - a scroll labelled JAZOW BYHUZUENIA A ball python comes into view.
The ball python hisses angrily.
A ball python is nearby!
A ball python is nearby!
You reach to attack!
You hit the ball python.
You kill the ball python!
A gnoll comes into view. It is wielding a +0 spear.
A gnoll is nearby!
A gnoll is nearby!
The gnoll hits you from afar with a +0 spear.
You reach to attack!
You barely miss the gnoll.
The gnoll hits you from afar with a +0 spear!
You are too injured to fight recklessly!
You are too injured to fight recklessly!
Reach: a) +0 trident {Shi}
Press: ? - help, Dir - move target, f/p - gnoll
Aim: a gnoll, wielding a +0 spear (about 37% to evade your +0 trident)
You reach to attack!
You hit the gnoll.
The gnoll is heavily wounded.
The gnoll hits you from afar with a +0 spear!
* * * LOW HITPOINT WARNING * * *
Reach: a) +0 trident {Shi}
Press: ? - help, Dir - move target, f/p - gnoll
Aim: a gnoll, wielding a +0 spear (heavily wounded, about 37% to evade your +0 trident)
You reach to attack!
You hit the gnoll.
The gnoll is severely wounded.
The gnoll hits you from afar with a +0 spear.
* * * LOW HITPOINT WARNING * * *
A kobold comes into view. It is wielding a +0 dagger.
Reach: a) +0 trident {Shi}
Press: ? - help, Dir - move target, f/p - gnoll
Aim: a gnoll, wielding a +0 spear (severely wounded, about 37% to evade your +0 trident)
You reach to attack!
You closely miss the gnoll.
The gnoll is severely wounded.
The gnoll hits you from afar with a +0 spear.
You die...

### #.. ..# #######.##
........g####.# ###
#............# ..... #.#
#@.## ...... #.# ##...##
.##.##.###.###.....##
#.~.~.#................
#..~.~..#.#.###.........
~~~~.~~~~#..# ##....####
.~.~≈~.~..#.# ##.#.#
..~≈_≈~...#.# ##K#
..~≈.≈~...#.# .#


You could see a gnoll and a kobold (wandering).

Vanquished Creatures
  2 dart slugs (D:1)
  2 ball pythons (D:1)
  2 endoplasms (D:1)
  3 hobgoblins (D:1)
  A quokka (D:1)
  2 frilled lizards (D:1)
  4 kobolds (D:1)
  A rat (D:1)
17 creatures vanquished.

Vanquished Creatures (others)
  A bat (D:1)
1 creature vanquished.

Grand Total: 18 creatures vanquished

Notes
Turn   | Place    | Note
-------+----------+-------------------------------------------
     0 | D:1      | inmateoo the Coglin Gladiator began the quest for the Orb.
     0 | D:1      | Reached XP level 1. HP: 16/16 MP: 1/1
    87 | D:1      | Reached XP level 2. HP: 22/22 MP: 2/2
   122 | D:1      | Reached skill level 3 in Polearms
   217 | D:1      | Found a faded altar of an unknown god.
   333 | D:1      | HP: 1/22 [gnoll/+0 spear (3)]
   334 | D:1      | Slain by a gnoll

Illustrated notes

Levels and vault maps discovered:
D:1:      dpeg_arrival_leaves_temple_mockup, layout_loops_ring,
          shapermc_ecumenical_altar_starsandcircs, hangedman_decor_points,
          chequers_serial_rivers_small_a, chequers_serial_rivers_room_a,
          minmay_misc_feat_tower

Skill      XL: |  1  2 |
---------------+-------+-----
Polearms       | 3 |  3.1
Fighting       | |  2.2
Throwing       | |  1.7
Armour         | |  0.7
Dodging        | |  2.9

Action                     || total
---------------------------++-------
  Melee: Trident           ||    73
   Stab: Sleeping          ||     1
 Armour: Leather armour    ||    47
  Dodge: Dodged            ||    20
         Repelled          ||     3

Table legend: (Time is in decaauts)
 A = Elapsed time spent in this place.
 B = Non-inter-level travel time spent in this place.
 C = Inter-level travel time spent in this place.
 D = Time resting spent in this place.
 E = Time spent auto-exploring this place.
 F = Levels seen in this place.
 G = Mean time per level.
                   A        B        C        D        E       F      G
               +--------+--------+--------+--------+--------+-----+--------+
         Total |    345 |    345 |      0 |     49 |    170 |   1 |  345.0 |
       Dungeon |    345 |    345 |      0 |     49 |    170 |   1 |  345.0 |
               +--------+--------+--------+--------+--------+-----+--------+

Top non-repeatable levels by time:
     D:1: 345 daAuts
